Map: Whirlwind LE (Void)

Players

Fropez - Winner!

  • Race: Protoss Protoss
  • League: Gold
  • Spawn Location: 1:00

MrDonkey

  • Race: Terran Terran
  • League: Gold
  • Spawn Location: 5:00

VOD

Have the link to the VOD?

Description

Time

  • Played on: Jan. 9, 2017, 4:28 p.m.
  • Length: 11:21
Show
View Real Time Build Order
Export as new Build Order

Fropez Protoss - Winner!

Build Orders:  

Get SALT Encoding   

  12  0:02  Probe (Chrono Boost)  
  13  0:12  Probe (Chrono Boost)  
  14  0:21  Pylon  
  14  0:26  Probe (Chrono Boost)  
  15  0:39  Probe (Chrono Boost)  
  17  0:50  Probe (Chrono Boost)  
  17  0:56  Gateway  
  17  0:59  Gateway  
  17  1:00  Assimilator  
  17  1:04  Probe (Chrono Boost)  
  18  1:17  Probe (Chrono Boost)  
  18  1:18  Pylon  
  19  1:28  Probe (Chrono Boost)  
  20  1:36  Pylon  
  20  1:38  Probe (Chrono Boost)  
  21  1:46  Cybernetics Core  
  21  1:48  Assimilator  
  21  1:49  Probe (Chrono Boost)  
  22  2:03  Probe (Chrono Boost)  
  23  2:10  Pylon  
  23  2:11  Warp Gate  
  23  2:14  Probe (Chrono Boost)  
  24  2:22  Adept x2  
  28  2:24  Probe (Chrono Boost)  
  29  2:35  Pylon  
  29  2:49  Adept x2  
  33  2:57  Gateway  
  31  3:34  Adept x2  
  35  3:50  Gateway  
  35  3:54  Probe (Chrono Boost)  
  36  3:56  Nexus, Pylon  
  36  4:06  Probe (Chrono Boost)  
  37  4:14  Pylon  
  37  4:27  Forge  
  38  4:31  Mothership Core (Chrono Boost)  
  38  4:38  Adept x2  
  42  4:51  Probe (Chrono Boost)  
  43  5:03  Probe (Chrono Boost)  
  44  5:22  Protoss Ground Weapons Level 1  
  40  5:30  Photon Cannon  
  40  5:43  Assimilator  
  40  5:47  Photon Cannon  
  41  5:51  Probe x2 (Chrono Boost)  
  36  6:13  Probe (Chrono Boost)  
  36  6:16  Probe (Chrono Boost)  
  38  6:21  Assimilator  
  37  6:25  Probe (Chrono Boost)  
  37  6:29  Photon Cannon  
  37  6:32  Robotics Facility  
  37  6:36  Probe (Chrono Boost)  
  37  6:38  Probe (Chrono Boost)  
  39  6:42  Photon Cannon  
  39  6:44  Adept x2  
  41  7:04  Probe (Chrono Boost)  
  41  7:06  Probe (Chrono Boost)  
  42  7:15  Twilight Council, Probe (Chrono Boost)  
  43  7:19  Pylon  
  43  7:24  Adept x2  
  43  7:29  Pylon  
  47  7:31  Pylon  
  47  7:37  Photon Cannon  
  47  7:38  Adept x2  
  47  7:40  Resonating Glaives  
  51  7:46  Observer  
  52  7:53  Adept x2  
  57  7:59  Probe (Chrono Boost)  
  57  8:02  Probe (Chrono Boost)  
  58  8:09  Pylon  
  59  8:13  Probe x2 (Chrono Boost)  
  59  8:17  Dark Shrine  
  59  8:18  Protoss Ground Weapons Level 2  
  60  8:23  Adept  
  60  8:35  Pylon  
  60  8:38  Pylon  
  56  8:45  Probe (Chrono Boost)  
  56  8:47  Probe (Chrono Boost)  
  50  8:50  Immortal  
  50  8:51  Adept, Pylon  
  56  8:59  Gateway  
  56  9:04  Pylon  
  56  9:08  Adept x2  
  60  9:30  Probe (Chrono Boost)  
  60  9:31  Probe (Chrono Boost)  
  62  9:35  Photon Cannon  
  62  9:42  Dark Templar x2  
  62  9:43  Dark Templar  
  68  10:17  Gateway, Dark Templar x3  
  70  10:27  Pylon  
  70  10:48  Dark Templar  
  72  10:54  Gateway  
  72  11:06  Probe (Chrono Boost)  
  72  11:07  Probe (Chrono Boost)  
  74  11:17  Dark Templar  
  74  11:18  Pylon, Assimilator, Dark Templar  
Show
View Real Time Build Order
Export as new Build Order

MrDonkey Terran 

Build Orders: MMM Bio 

Get SALT Encoding   

  12  0:02  SCV  
  14  0:14  SCV  
  14  0:22  Supply Depot  
  14  0:36  SCV  
  15  0:45  Barracks  
  15  0:52  Supply Depot  
  15  1:02  SCV  
  16  1:14  SCV, Refinery  
  17  1:23  Refinery  
  17  1:26  SCV  
  17  1:32  Marine  
  19  1:40  Orbital Command  
  19  1:54  Marine  
  20  2:09  Factory  
  20  2:21  SCV  
  21  2:24  Marine  
  22  2:36  SCV  
  23  2:44  Barracks Reactor  
  23  2:52  Command Center  
  23  3:04  SCV  
  24  3:09  Starport  
  24  3:14  Barracks  
  23  3:21  Marine  
  23  3:28  SCV  
  23  3:32  Marine  
  24  3:37  Widow Mine  
  26  3:47  Marine  
  27  3:57  Supply Depot  
  26  4:17  Widow Mine  
  26  4:19  SCV  
  26  4:21  Marine x2  
  31  4:27  Barracks Tech Lab  
  31  4:32  Command Center  
  31  4:33  SCV  
  32  4:42  Marine x2  
  32  4:45  SCV  
  35  4:50  Widow Mine  
  37  5:02  Marine  
  37  5:03  Marine  
  39  5:07  Stimpack  
  39  5:12  Supply Depot  
  39  5:32  SCV  
  38  5:40  Marine  
  39  5:44  SCV  
  39  5:46  Medivac  
  42  5:56  SCV  
  40  6:21  SCV  
  41  6:29  Marine  
  41  6:30  Marine  
  41  6:32  Marine, Medivac  
  46  6:41  SCV  
  47  6:53  Marine x2  
  48  6:56  SCV  
  49  7:04  Orbital Command  
  49  7:08  Combat Shields  
  49  7:15  Barracks x3  
  47  7:17  Supply Depot x2, Barracks  
  47  7:32  SCV x2, Starport Reactor  
  49  7:39  Supply Depot  
  49  7:44  Engineering Bay  
  49  7:46  Engineering Bay  
  49  7:51  Marine x2  
  49  7:52  SCV x2  
  49  7:56  Marine  
  54  8:04  Barracks Reactor, Barracks Tech Lab  
  54  8:09  Marine  
  55  8:14  Barracks Tech Lab  
  55  8:15  Marauder  
  54  8:31  Marine, Marauder  
  57  8:38  Marine, Marauder  
  57  8:40  Marine x2, Marauder  
  60  8:43  Marine  
  60  8:48  Marine  
  60  8:53  Marauder  
  63  8:55  Marine  
  63  8:57  Marine  
  63  8:59  Marine  
  63  9:00  Marauder  
  63  9:02  Marine, Marauder  
  71  9:06  Marine  
  71  9:08  Medivac  
  71  9:09  Medivac  
  76  9:14  Marauder  
  76  9:21  Marauder  
  76  9:22  Marine  
  76  9:23  SCV, Marauder  
  81  9:27  Marine  
  82  9:35  Marauder  
  84  9:38  Medivac  
  86  9:49  Supply Depot  
  86  9:54  Marine, SCV, Medivac  
  86  9:55  Marauder x2  
  94  10:06  Supply Depot  
  94  10:10  Marine, SCV x2, Medivac  
  94  10:11  Marauder  
  101  10:24  Supply Depot  
  101  10:25  Marauder  
  103  10:32  Marine, SCV  
  103  10:34  SCV  
  106  10:44  SCV  
  107  10:51  SCV  
  108  11:01  Missile Turret  
  108  11:11  Missile Turret  
  100  11:13  Missile Turret  
  100  11:16  Missile Turret  
Tags
 
Composition
MMM Bio
League
GoldGold
Matchup
PvT
Replay Pack
All Mines
Spawn Locations
Close Positions
Add a new tag
Caveats
  • Supply blocks, unpowered buildings, or Contaminate may cause inaccurate times.
  • Supply counts are checked every 10 seconds.